[Event "ICC tourney 2315 (120 10)"]
[Site "Internet Chess Club"]
[Date "2021.01.18"]
[Round "6"]
[White "Pifischer"]
[Black "virajphadke"]
[Result "0-1"]
[ICCResult "White resigns"]
[WhiteElo "1952"]
[BlackElo "1582"]
[Opening "Ruy Lopez: Anderssen variation"]
[ECO "C77"]
[NIC "RL.12"]
[Time "16:17:09"]
[PlyCount "80"]
[TimeControl "7200+10"]

1. e4 e5 2. Nf3 Nc6 3. Bb5 a6 4. Ba4 Nf6 5. d3 b5 6. Bb3 Be7 7. O-O d6 8.
c3 O-O 9. h3 Na5 10. Bc2 c5 11. Re1 Nc6 12. Nbd2 Qc7 13. Nf1 Be6 14. Ng3
Rad8 15. Qe2 Rfe8 16. Bd2 d5 17. exd5 Bxd5 18. Nf5 h6 19. Nh2 Bf8 20. Ng4
Nxg4 21. Qxg4 Kh8 22. Qh4 Ne7 23. Bxh6 gxh6 24. Qf6+ Kg8 25. d4 e4 26. Re3
Nxf5 27. Qxf5 Re6 28. Rg3+ Rg6 29. Rg4 Rxg4 30. Qxg4+ Bg7 31. dxc5 Re8 32.
b4 Qe5 33. Qd7 e3 34. fxe3 Qxe3+ 35. Kh1 Qe6 36. Qxe6 Rxe6 37. Rd1 Bc6 38.
Rd8+ Re8 39. Rd6 Re1+ 40. Kh2 Be5+ { White resigns } 0-1

[Event "ICC tourney 2315 (120 10)"]
[Site "Internet Chess Club"]
[Date "2021.01.18"]
[Round "6"]
[White "mnm2"]
[Black "spideydavey"]
[Result "1-0"]
[ICCResult "Black resigns"]
[WhiteElo "1526"]
[BlackElo "1802"]
[Opening "Sicilian: Kan variation"]
[ECO "B41"]
[NIC "SI.41"]
[Time "16:18:02"]
[PlyCount "89"]
[TimeControl "7200+10"]

1. e4 c5 2. Nf3 e6 3. d4 cxd4 4. Nxd4 a6 5. Be3 Nf6 6. f3 Qc7 7. c4 b6 8.
Nc3 Bb7 9. Be2 Be7 10. O-O O-O 11. Rc1 d6 12. Qd2 Nbd7 13. Rfd1 Rac8 14. b4
Rfe8 15. a3 Qb8 16. Bd3 Ne5 17. Na4 Ba8 18. Nb3 b5 19. cxb5 axb5 20. Nb6
Rxc1 21. Rxc1 Ned7 22. Nxa8 Qxa8 23. Na5 d5 24. exd5 Qxd5 25. Qe2 Ne5 26.
Bxb5 Rb8 27. Bc6 Nxc6 28. Nxc6 Re8 29. Nxe7+ Rxe7 30. Rc8+ Re8 31. Rxe8+
Nxe8 32. Qd2 Qb5 33. Qd1 h6 34. Bc5 Nf6 35. a4 Qc4 36. a5 Nd5 37. Qf1 Qc3
38. Qb1 Qd2 39. a6 Nf4 40. Qf1 Ne2+ 41. Kh1 Qd3 42. Qa1 Nc3 43. a7 f5 44.
a8=Q+ Kh7 45. Qg1 { Black resigns } 1-0